 Dungeon Crawl Stone Soup version 0.18-a0-1799-g6250cb2 (webtiles) character file.

104 dobroeutro the Covered (level 4, -1/29 HPs)
             Began as a Gargoyle Fighter on Apr 23, 2016.
             Slain by a hobgoblin
             ... wielding a +0 club
             ... led by Robin
              (6 damage)
             ... on level 3 of the Dungeon.
             The game lasted 00:03:27 (1759 turns).

dobroeutro the Covered (Gargoyle Fighter)           Turns: 1759, Time: 00:03:28

Health: -1/29      AC: 10    Str: 21    XL:     4   Next: 80%
Magic:  4/4        EV:  7    Int:  8    God:
Gold:   74         SH:  9    Dex:  9    Spells: 0 memorised, 3 levels left

rFire  . . .     SeeInvis .     a - +0 flail
rCold  . . .     Gourm    .     b - +0 scale mail
rNeg   + . .     Faith    .     c - +0 shield
rPois  ∞         Spirit   .     (no helmet)
rElec  +         Dismiss  .     (no cloak)
rCorr  .         Reflect  .     (no gloves)
SustAt .         Harm     .     (no boots)
MR     .....                    (no amulet)
Stlth  ..........               (no ring)
                                (no ring)

@: not resistant to hostile enchantments, extremely unstealthy
A: negative energy resistance 1, electricity resistance, unbreathing,
petrification resistance, rot immunity, AC +3
a: no special abilities


You were on level 3 of the Dungeon.
You were hungry.

You visited 1 branch of the dungeon, and saw 3 of its levels.

You collected 74 gold pieces.

Inventory:

Hand Weapons
 a - a +0 flail (weapon)
Armour
 b - a +0 scale mail (worn)
 c - a +0 shield (worn)
Scrolls
 o - 2 scrolls of recharging
Potions
 d - a potion of might
 e - a potion of curing {unknown}
 j - a potion of flight
 m - a potion of magic
 n - a potion of cancellation
Comestibles
 f - a bread ration
 g - 2 meat rations
 k - a royal jelly
 l - a beef jerky


   Skills:
 + Level 4.0 Fighting
 + Level 2.9 Maces & Flails
 + Level 4.1 Armour
 + Level 4.1 Shields


You had 3 spell levels left.
You didn't know any spells.

Dungeon Overview and Level Annotations

Branches:
Dungeon (3/15)

Altars:


Innate Abilities, Weirdness & Mutations

You are resistant to torment.
Your stone body is resilient (AC +3).
You are immune to poison.
You resist negative energy.
You are resistant to electric shocks.
You can survive without breathing.
You are immune to petrification.
You are immune to rotting.


Message History

You kill the hobgoblin!
The hobgoblin no longer looks unusually strong.
Robin throws the goblin at you! The goblin barely misses you.
The hobgoblin hits you but does no damage.
The goblin hits you but does no damage. Robin hits you with a dagger of venom.
* * * LOW HITPOINT WARNING * * *
The goblin hits you but does no damage.
You sock Robin!
You kill Robin!
Your Fighting skill increases to level 4!
The hobgoblin hits you but does no damage.
You block the hobgoblin's attack. You block the goblin's attack.
The goblin closely misses you. The hobgoblin closely misses you.
The goblin hits you but does no damage. The hobgoblin barely misses you.
You closely miss the goblin. The goblin hits you but does no damage.
The hobgoblin hits you but does no damage. x2
The goblin hits you with a dagger.
* * * LOW HITPOINT WARNING * * *
The hobgoblin hits you with a club.
You die...

.# .# #..###.#..
.# # .......... .#
#.#......... .#
.#......... .#
#.......... .# #.#
#.......... .# #.#
#.ggg....$. ## #.#
#@gg..... # #.#
#.####g#.####. #
#.# #........#
#.########.#......
#.#........#.####.
#######.#.######.#
# .......(..# #.#
######.#### ..#
#.# .###


You could see 3 hobgoblins and 3 goblins.

Vanquished Creatures
  Robin (D:3)
  3 adders
  A worm (D:2)
  2 dart slugs (D:2)
  A giant gecko (D:2)
  A ball python (D:3)
  6 giant cockroaches
  8 goblins
  10 hobgoblins
  2 quokkas (D:2)
  6 bats
  A giant newt (D:1)
  8 kobolds
  4 rats
54 creatures vanquished.

Notes
Turn   | Place    | Note
--------------------------------------------------------------
     0 | D:1      | dobroeutro the Gargoyle Fighter began the quest for the Orb.
     0 | D:1      | Reached XP level 1. HP: 14/14 MP: 1/1
     3 | D:1      | Noticed an electric eel
     3 | D:1      | Noticed an electric eel
   420 | D:1      | Reached XP level 2. HP: 15/19 MP: 2/2
  1098 | D:2      | Reached XP level 3. HP: 7/23 MP: 3/3
  1360 | D:2      | Reached XP level 4. HP: 24/29 MP: 4/4
  1737 | D:3      | Noticed Robin
  1758 | D:3      | Killed Robin
  1759 | D:3      | Slain by a hobgoblin

Vault maps used:
D:1:      arrival_aquarium_b
D:3:      lemuel_coloured_pillars_altar, lemuel_doored_altar,
          grunt_decor_resistance, uniq_robin

Skill      XL: |  1  2  3  4 |
---------------+-------------+-----
Shields        | 4 |  4.1
Armour         | 4 |  4.1
Fighting       | 4 |  4.0
Maces & Flails | |  2.9

Action                   |  1- 3 |  4- 6 || total
-------------------------+-------+-------++-------
Melee: Flail             |   296 |    59 ||   355
  Use: Scroll            |     5 |     4 ||     9
  Eat: Chunk             |     2 |     1 ||     3
Armor: Scale mail        |   211 |    63 ||   274
Dodge: Dodged            |   122 |    42 ||   164
Block: Shield            |   189 |    62 ||   251
